 Dungeon Crawl Stone Soup version 0.21-a0-314-gb3271ec (webtiles) character file.

3 tidbits the Magician (level 1, 0/17 HPs)
             Began as a Gnoll Wanderer on Sept 29, 2017.
             Killed by divine providence
             ... invoked by an orc priest
              (16 damage)
             ... on level 2 of the Dungeon.
             The game lasted 00:02:04 (168 turns).

tidbits the Magician (Gnoll Wanderer)                Turns: 168, Time: 00:02:05

Health: 0/17       AC:  2    Str: 14    XL:     1   Next: 50%
Magic:  8/8        EV: 11    Int: 15    God:
Gold:   23         SH:  0    Dex: 13    Spells: 14/14 levels left

rFire    . . .     SeeInvis .   c - +0 shortbow
rCold    . . .     Gourm    .   (shield currently unavailable)
rNeg     . . .     Faith    .   e - +0 robe
rPois    .         Spirit   .   (no helmet)
rElec    .         Reflect  .   (no cloak)
rCorr    .         Harm     .   (no gloves)
MR       .....                  (no boots)
Stlth    ++........             (no amulet)
HPRegen  0.05/turn              (no ring)
MPRegen  0.11/turn              (no ring)

@: no status effects
A: distributed training, fangs 1, strong nose
a: no special abilities


You were on level 2 of the Dungeon.
You were not hungry.

You visited 1 branch of the dungeon, and saw 2 of its levels.

You collected 23 gold pieces.

Inventory:

Hand Weapons
 c - a +0 shortbow (weapon)
 g - a +0 club
 k - a +0 dagger
Missiles
 d - 18 arrows (quivered)
 l - 7 javelins
Armour
 e - a +0 robe (worn)
 h - a +0 scale mail
Potions
 n - a potion of cancellation {unknown}
Books
 a - a book of Conjurations

   Spells                             Type                      Level
   a - Magic Dart                     Conjuration                  1
   b - Searing Ray                    Conjuration                  2
   c - Dazzling Spray                 Conjuration/Hexes            3
   d - Fulminant Prism                Conjuration/Hexes            4
   e - Force Lance                    Conjuration/Translocation    4
   f - Iskenderun's Mystic Blast      Conjuration                  4
 b - Gapasmecw's Catalogue of Companions

   Spells                             Type                      Level
   a - Summon Small Mammal            Summoning                    1
   b - Call Canine Familiar           Summoning                    3
Comestibles
 f - a bread ration
 i - a royal jelly
 j - a meat ration
 m - 2 fruits


   Skills:
 + Level 2.3 Fighting
 + Level 1.7 Short Blades
 + Level 0.8 Long Blades
 + Level 0.0 Axes
 + Level 0.0 Maces & Flails
 + Level 0.0 Polearms
 + Level 0.0 Staves
 + Level 0.8 Slings
 + Level 2.3 Bows
 + Level 0.0 Crossbows
 + Level 2.3 Throwing
 + Level 2.3 Armour
 + Level 0.0 Dodging
 + Level 2.1 Stealth
   Level 0.0 Stabbing
 + Level 0.0 Shields
   Level 0.0 Traps
 + Level 0.0 Unarmed Combat
 + Level 7.0 Spellcasting
 + Level 2.3 Conjurations
 + Level 0.0 Hexes
 + Level 0.0 Charms
 + Level 2.3 Summonings
 + Level 0.0 Necromancy
 + Level 0.0 Translocations
 + Level 0.0 Transmutations
 + Level 0.0 Fire Magic
 + Level 0.0 Ice Magic
 + Level 0.0 Air Magic
 + Level 0.0 Earth Magic
 + Level 0.0 Poison Magic
 + Level 0.0 Invocations
 + Level 0.0 Evocations


You had 14 spell levels left.
You didn't know any spells.

Dungeon Overview and Level Annotations

Branches:
Dungeon (2/15)

Altars:


Innate Abilities, Weirdness & Mutations

Your experience applies equally to all skills.
You have very sharp teeth.
Your uncanny sense of smell can sniff out nearby items.


Message History

g - a club
d - 16 arrows (gained 1)
d - 17 arrows (gained 1)
d - 18 arrows (gained 1)
You see here 14 stones.
A hobgoblin comes into view. It is wielding a club.
Found a scale mail.
The hobgoblin shouts!
Firing (i - inventory):
d - 18 arrows (quivered)
Press: ? - help, Shift-Dir - straight line, f - hobgoblin
Aim: a hobgoblin, wielding a club You shoot an arrow.
The arrow barely misses the hobgoblin.
Firing (i - inventory):
d - 17 arrows (quivered)
Press: ? - help, Shift-Dir - straight line, f/p - hobgoblin
Aim: a hobgoblin, wielding a club You shoot an arrow.
The arrow hits the hobgoblin.
The hobgoblin is almost dead.
Firing (i - inventory):
d - 16 arrows (quivered)
Press: ? - help, Shift-Dir - straight line, f/p - hobgoblin
Aim: a hobgoblin, wielding a club (severely wounded)
You shoot an arrow. The arrow hits the hobgoblin.
You kill the hobgoblin!
Your Short Blades skill increases to level 1!
d - 16 arrows (gained 1)
Things that are here:
a club; a hobgoblin corpse A frilled lizard comes into view.
The frilled lizard hisses angrily.
You see here an arrow.
Firing (i - inventory):
d - 16 arrows (quivered)
Press: ? - help, Shift-Dir - straight line, f - frilled lizard
Aim: a frilled lizard You shoot an arrow.
The arrow closely misses the frilled lizard.
Firing (i - inventory):
d - 15 arrows (quivered)
Press: ? - help, Shift-Dir - straight line, f/p - frilled lizard
Aim: a frilled lizard You shoot an arrow.
The arrow misses the frilled lizard.
Firing (i - inventory):
d - 14 arrows (quivered)
Press: ? - help, Shift-Dir - straight line, f/p - frilled lizard
Aim: a frilled lizard You shoot an arrow.
The arrow barely misses the frilled lizard.
The frilled lizard barely misses you. x2
Firing (i - inventory):
d - 13 arrows (quivered)
Press: ? - help, Shift-Dir - straight line, f/p - frilled lizard
Aim: a frilled lizard You shoot an arrow.
The arrow hits the frilled lizard.
You kill the frilled lizard!
d - 13 arrows (gained 1)
d - 16 arrows (gained 3)
You see here a frilled lizard corpse.
Found a meat ration.
d - 17 arrows (gained 1)
You see here a scale mail.
h - a scale mail
d - 18 arrows (gained 1) Wear which item? (? for menu, Esc to quit)
Okay, then.
You don't know any spells.
Okay, then.
Unknown command.
You don't know any spells.
Okay, then.
Found a royal jelly.
i - a royal jelly
Found a dagger.
j - a meat ration You see here a dagger.
k - a dagger
Found 7 javelins and a robe.
Found a stone staircase leading down.
Found 2 fruits.
You see here 7 javelins.
l - 7 javelins
Found a stone staircase leading down.
m - 2 fruits
There is a stone staircase leading down here.
Found a fizzy blue potion.
A rat comes into view.
Found a leather armour.
You see here a fizzy blue potion.
n - a fizzy blue potion A hobgoblin comes into view.
Found a scroll labeled DEGHIA SOOTWO.
The hobgoblin shouts!
You fall through a shaft!
The shaft crumbles and collapses.
A goblin, 2 orcs and 2 orc priests come into view.
Found a leather armour.
Found a stone staircase leading up.
Okay, then.
The orc priest shouts!
You hear a shout!
The goblin shouts!
The orc priest invokes the aid of Beogh against you.
Pain shoots through your body! The goblin misses you.
An orc opens the door.
The orc shouts!
The goblin completely misses you.
The orc priest invokes the aid of Beogh against you.
Beogh smites you!
Ouch! That really hurt!
You die...

#.........#
#......o.o##
#.........'
#.........######
#........o....#
#.............#
#..............
#.............#
#......@[......
#.....g.......#
#.............#
#.............#
#.............#
#.............#
#.............#
#.............#


You could see an orc priest, 2 orcs and a goblin.

Vanquished Creatures
  2 hobgoblins (D:1)
  A frilled lizard (D:1)
3 creatures vanquished.

Notes
Turn   | Place    | Note
-------+----------+-------------------------------------------
     0 | D:1      | tidbits the Gnoll Wanderer began the quest for the Orb.
     0 | D:1      | tidbits set off with: a book of Conjurations, Gapasmecw's Catalogue of Companions, a +0 shortbow, 18 arrows, a +0 robe, a bread ration
     0 | D:1      | Reached XP level 1. HP: 17/17 MP: 8/8
     0 | D:1      | Identified Gapasmecw's Catalogue of Companions
    83 | D:1      | Reached skill level 1 in Short Blades
   165 | D:1      | You fall through a shaft!
   165 | D:2      | Noticed an orc priest
   165 | D:2      | Noticed an orc priest
   168 | D:2      | Killed from afar by an orc priest

Vault maps used:
D:1:      matt_arrival_grand_opening, minmay_misc_feat_nine_boxes,
          serial_bayou_pond_c
D:2:      fedhas_altar_3, first_bread

Skill      XL: |  1 |
---------------+----+-----
Short Blades   | 1 |  1.7
Fighting       | |  2.3
Long Blades    | |  0.8
Slings         | |  0.8
Bows           | |  2.3
Throwing       | |  2.3
Armour         | |  2.3
Stealth        | |  2.1
Spellcasting   | |  7.0
Conjurations   | |  2.3
Summonings     | |  2.3

Action                   || total
-------------------------++-------
 Fire: Shortbow          ||    13
Dodge: Dodged            ||     4

Table legend:
 A = Spawn XP
 B = Non-spawn XP
 C = Spawn XP percentage of total XP
 D = Spawn monster count
 E = Non-spawn monster count
 F = Spawn count percentage of total count
 G = Total turns spent on level
                    A         B        C        D         E        F      G
               +---------+---------+-------+---------+---------+-------+---------
         Total |       0 |       5 |   0.0 |       0 |       3 |   0.0 |   168
               +---------+---------+-------+---------+---------+-------+---------
           D:1 |       0 |       5 |   0.0 |       0 |       3 |   0.0 |   165
               +---------+---------+-------+---------+---------+-------+---------

Table legend:
 A = Turns spent in this place as a percentage of turns spent in the entire game.
 B = Non-inter-level travel turns spent in this place as a percentage of non-inter-level travel turns spent in the entire game.
 C = Inter-level travel turns spent in this place as a percentage of turns spent in this place.
 D = Turns resting spent in this place as a percentage of non-inter-level travel turns spent in this place.
 E = Turns spent auto-exploring this place as a percentage of non-inter-level travel turns spent in this place.
 F = Non-inter-level travel turns spent in this place divided by the number of levels of this place that you've seen.
                   A       B       C       D       E      F
               +-------+-------+-------+-------+-------+----------------------
         Total | 100.0 | 100.0 |   0.0 |   0.0 |   0.0 |  84.0
       Dungeon | 100.0 | 100.0 |   0.0 |   0.0 |   0.0 |  84.0
               +-------+-------+-------+-------+-------+----------------------

Table legend:
 A = Kills in this place as a percentage of kills in entire the game.
 B = Kills by you in this place as a percentage of kills by you in the entire game.
 C = Kills by friends in this place as a percentage of kills by friends in the entire game.
 D = Other kills in this place as a percentage of other kills in the entire game.
 E = Experience gained in this place as a percentage of experience gained in the entire game.
 F = Experience gained in this place divided by the number of levels of this place that you have seen.
                   A       B       C       D       E      F
               +-------+-------+-------+-------+-------+----------------------
         Total | 100.0 | 100.0 |   N/A |   N/A | 100.0 |   2.5
       Dungeon | 100.0 | 100.0 |   N/A |   N/A | 100.0 |   2.5
               +-------+-------+-------+-------+-------+----------------------

Vault maps used:
D:1:      matt_arrival_grand_opening, minmay_misc_feat_nine_boxes,
          serial_bayou_pond_c
D:2:      fedhas_altar_3, first_bread
